 Dungeon Crawl Stone Soup version 0.21.1-1-g345015f (webtiles) character file.

87 sking99 the Ruffian (level 4, 0/35 HPs)
             Began as a Draconian Transmuter on June 22, 2018.
             Was a Follower of Nemelex Xobeh.
             Killed from afar by an orc wizard (3 damage)
             ... with a puff of flame
             ... on level 2 of the Dungeon.
             The game lasted 00:06:40 (2046 turns).

sking99 the Ruffian (Draconian Transmuter)          Turns: 2046, Time: 00:06:41

Health: 0/35       AC:  5    Str: 12    XL:     4   Next: 28%
Magic:  7/7        EV: 12    Int: 15    God:    Nemelex Xobeh [*.....]
Gold:   53         SH:  0    Dex: 11    Spells: 4/7 levels left

rFire    . . .     SeeInvis .     - Unarmed
rCold    . . .     Gourm    .   (no shield)
rNeg     . . .     Faith    .   (armour unavailable)
rPois    .         Spirit   .   (helmet restricted)
rElec    .         Reflect  .   (no cloak)
rCorr    .         Harm     .   (no gloves)
MR       .....                  (no boots)
Stlth    +.........             (no amulet)
HPRegen  0.11/turn              (no ring)
MPRegen  0.10/turn              (no ring)

@: hasted, very quick
A: unfitting armour, cold-blooded, AC +5
a: Renounce Religion


You were on level 2 of the Dungeon.
You worshipped Nemelex Xobeh.
Nemelex Xobeh was aware of your devotion.
You were not hungry.

You visited 1 branch of the dungeon, and saw 3 of its levels.

You collected 53 gold pieces.

Inventory:

Missiles
 a - 45 arrows (quivered)
Armour
 o - a scarf of spirit shield
Scrolls
 e - 4 scrolls of enchant weapon {unknown}
 f - a scroll of remove curse {unknown}
 g - a scroll of magic mapping {unknown}
 i - 2 scrolls of fog {unknown}
 j - a scroll of identify {unknown}
 n - a scroll of teleportation {unknown}
 r - a scroll of blinking {unknown}
Potions
 d - a potion of curing {unknown}
 h - a potion of degeneration {unknown}
 k - a potion of haste
 l - a potion of invisibility {unknown}
 p - a potion of resistance {unknown}
Books
 b - a book of Changes

   Spells                             Type                      Level
   a - Beastly Appendage              Transmutation                1
   b - Sticks to Snakes               Transmutation                2
   c - Spider Form                    Transmutation/Poison         3
   d - Ice Form                       Ice/Transmutation            4
   e - Blade Hands                    Transmutation                5
Miscellaneous
 m - a plain deck of summoning
Comestibles
 c - 9 rations


   Skills:
 - Level 1.1 Fighting
 - Level 1.7 Dodging
 * Level 4.6 Unarmed Combat
 - Level 2.0 Spellcasting
 + Level 2.2 Transmutations
 + Level 1.8 Invocations


You had 4 spell levels left.
You knew the following spells:

 Your Spells              Type           Power        Failure   Level  Hunger
a - Beastly Appendage     Tmut           #.....       9%          1    #......
b - Sticks to Snakes      Tmut           #.......     14%         2    ###....


Dungeon Overview and Level Annotations

Branches:
Dungeon (3/15)

Altars:
Nemelex Xobeh


Innate Abilities, Weirdness & Mutations

Your plain brown scales are hard. (AC +5)
You cannot fit into any form of body armour.
You are cold-blooded and may be slowed by cold attacks.


Message History

You barely miss the orc wizard.
Your tail-slap misses the orc wizard.
The orc wizard hits you with a dagger.
You hit the orc wizard.
The orc wizard is lightly wounded.
The orc wizard barely misses you.
You closely miss the orc wizard.
The orc wizard is lightly wounded.
The orc wizard points at you and mumbles some strange words.
The magic dart hits you!
* * * LOW HITPOINT WARNING * * *
It was a potion of haste.
You feel yourself speed up.
The orc wizard hits you but does no damage.
You hit the orc wizard.
The orc wizard is moderately wounded.
You hit the orc wizard.
The orc wizard is almost dead.
The orc wizard casts a spell at you. The puff of flame hits you!
You die...
Your body disappears without a glow.

##......# #.###.# #.####
###.......## #.# #.# #.# ##
...........#######.###.# #.# #.
###....>............##.# #.# #.
##...)...#######..##.#####.# #.
##.....).# #...........#.###.
##.#...## #.#......##.#.....
####.## #.#..###.##.#####. #.#
#@#......##.#####. #.#
#o#.###..##....... ##'##
#.#.###..##.#####. ##...##
#...>....##.# ##. # ##.....##
###.........# ##.. ## ##.......##
##........# #...
.####.........####...#.###.###...
....+.........'..................
.####.........####.....###.###.#.


You could see an orc wizard.

Vanquished Creatures
  4 adders (D:2)
  An ooze (D:2)
  A worm (D:2)
  A dart slug (D:3)
  A leopard gecko (D:2)
  2 orcs (D:3)
  5 bats
  2 giant cockroaches (D:2)
  3 goblins
  3 hobgoblins (D:2)
  A quokka (D:3)
  5 ball pythons
  4 frilled lizards
  A jackal zombie (D:2)
  3 kobolds
  5 rats
42 creatures vanquished.

Notes
Turn   | Place    | Note
-------+----------+-------------------------------------------
     0 | D:1      | sking99 the Draconian Transmuter began the quest for the Orb.
     0 | D:1      | Reached XP level 1. HP: 16/16 MP: 3/3
   318 | D:1      | Reached XP level 2. HP: 23/23 MP: 5/5
   322 | D:1      | Learned a level 2 spell: Sticks to Snakes
   464 | D:1      | Found a sparkling altar of Nemelex Xobeh.
   468 | D:1      | Became a worshipper of Nemelex Xobeh the Trickster
   763 | D:2      | Received a gift from Nemelex Xobeh
   963 | D:2      | Reached skill level 4 in Unarmed Combat
   969 | D:2      | Reached skill level 1 in Invocations
   969 | D:2      | Reached XP level 3. HP: 24/28 MP: 6/6
  1254 | D:2      | Found a faded altar of an unknown god.
  1411 | D:2      | Reached XP level 4. HP: 29/35 MP: 7/7
  1997 | D:3      | Reached * piety under Nemelex Xobeh
  2046 | D:2      | Killed from afar by an orc wizard

Skill      XL: |  1  2 |
---------------+-------+-----
Unarmed Combat | 4 |  4.6
Invocations    | 1 |  1.8
Fighting       | |  1.1
Dodging        | |  1.7
Spellcasting   | |  2.0
Transmutations | |  2.2

Action                   |  1- 3 |  4- 6 || total
-------------------------+-------+-------++-------
Melee: Unarmed           |   143 |    58 ||   201
       Tailslap          |    14 |     3 ||    17
       Punch             |       |     1 ||     1
 Cast: Beastly Appendage |     1 |       ||     1
  Use: Potion            |       |     1 ||     1
 Stab: Sleeping          |     2 |       ||     2
  Eat: Chunk             |     2 |     2 ||     4
Armor: Skin              |    47 |    15 ||    62
Dodge: Dodged            |    94 |    26 ||   120
